[Event "Titled Tuesday Blitz July 27 2021"]
[White "Goltsev, Dmitry"]
[Black "Mezentsev, Ivan"]
[WhiteFideId "24176710"]
[BlackFideId "13706195"]
[WhiteElo "2366"]
[BlackElo "2295"]
[Result "1-0"]
[Round "05"]
[TimeControl "180+1"]
[Date "2021.07.27"]
[WhiteClock "0:01:24"]
[BlackClock "0:00:08"]

1. e4 d5 2. exd5 Nf6 3. Nf3 Nxd5 4. d4 g6 5. c4 Nb6 6. Nc3 Bg7 7. h3 O-O 8. Be3 Nc6 9. Be2 e5 10. d5 Ne7 11. O-O Nf5 12. Bc5 Re8 13. a4 Nd6 14. b3 e4 15. Nd4 Nd7 16. Ba3 b6 17. Rc1 Nc5 18. b4 Bxd4 19. Qxd4 Nb3 20. Qe3 Nxc1 21. Rxc1 Nf5 22. Qd2 e3 23. fxe3 Nxe3 24. Bb2 Qg5 25. Bf3 Bf5 26. Nb5 Rac8 27. Nxa7 Ra8 28. Nb5 Rxa4 29. Nxc7 Rc8 30. d6 Bd7 31. Nd5 Ra2 32. Qd4 Rxb2 33. Ne7+ Qxe7 34. dxe7 1-0


[Site "https://www.chess.com"]

[Event "Titled Tuesday Blitz July 27 2021"]
[White "Goncalves, Ivan Mesquita V"]
[Black "Pridorozhni, Aleksei"]
[WhiteFideId "2114224"]
[BlackFideId "4127870"]
[WhiteElo "2299"]
[BlackElo "2565"]
[Result "0-1"]
[Round "05"]
[TimeControl "180+1"]
[Date "2021.07.27"]
[WhiteClock "0:00:02"]
[BlackClock "0:01:39"]

1. d4 d5 2. Nf3 c6 3. Bf4 Qb6 4. Qc1 Bf5 5. Nbd2 e6 6. e3 Nf6 7. a3 c5 8. dxc5 Bxc5 9. b4 Bd6 10. Bxd6 Qxd6 11. c4 O-O 12. Be2 a5 13. c5 Qe7 14. Nd4 Nc6 15. O-O axb4 16. Nxc6 bxc6 17. axb4 Qb7 18. Qc3 Rfb8 19. Rxa8 Qxa8 20. Ra1 Qb7 21. Ra4 Ne4 22. Nxe4 Bxe4 23. f3 Bg6 24. Kf2 h6 25. Bd3 Bxd3 26. Qxd3 Qc7 27. Qa6 g6 28. g3 Qe5 29. Qxc6 Qb2+ 30. Kf1 Kg7 31. h4 d4 32. exd4 Rd8 33. Qe4 Rxd4 34. Qe5+ Kh7 35. Ra8 Rd1+ 0-1


[Site "https://www.chess.com"]

[Event "Titled Tuesday Blitz July 27 2021"]
[White "Khusnutdinov, Rustam"]
[Black "Urazayev, Arystanbek"]
[WhiteFideId "13701703"]
[BlackFideId "13709810"]
[WhiteElo "2571"]
[BlackElo "2321"]
[Result "1-0"]
[Round "05"]
[TimeControl "180+1"]
[Date "2021.07.27"]
[WhiteClock "0:01:33"]
[BlackClock "0:00:26"]

1. d4 d5 2. c4 e6 3. Nc3 Nf6 4. Bg5 dxc4 5. e4 c5 6. d5 h6 7. Bxf6 Qxf6 8. Bxc4 a6 9. Nf3 Nd7 10. dxe6 fxe6 11. O-O Ne5 12. Nxe5 Qxe5 13. Kh1 b5 14. f4 Qc7 15. Be2 Be7 16. Bh5+ Kf8 17. f5 exf5 18. Qd5 Bf6 19. Qxa8 1-0


[Site "https://www.chess.com"]

[Event "Titled Tuesday Blitz July 27 2021"]
[White "Le, Tuan Minh"]
[Black "Moskalenko, Alexander"]
[WhiteFideId "12401153"]
[BlackFideId "4155351"]
[WhiteElo "2450"]
[BlackElo "2495"]
[Result "0-1"]
[Round "05"]
[TimeControl "180+1"]
[Date "2021.07.27"]
[WhiteClock "0:00:04"]
[BlackClock "0:00:04"]

1. d4 e6 2. Bf4 Nf6 3. e3 d5 4. Nd2 c5 5. c3 Nc6 6. Bd3 Bd6 7. Bxd6 Qxd6 8. f4 cxd4 9. cxd4 Bd7 10. a3 O-O 11. Ngf3 Ne7 12. O-O a6 13. Qb3 Nf5 14. Rfe1 Rfc8 15. Ne5 Rc7 16. g4 Nh4 17. Rac1 Rac8 18. Rxc7 Rxc7 19. g5 Ne8 20. Qd1 Nf5 21. Nf1 Bb5 22. Bxb5 axb5 23. Ng3 Nxg3 24. hxg3 Qd8 25. Re2 Qc8 26. Nd3 Nd6 27. Kg2 Ne4 28. Kf3 f6 29. gxf6 gxf6 30. Nf2 Rc1 31. Qd3 Rf1 32. Kg2 Qc1 33. Nh3 Rh1 34. Rc2 Qe1 35. Qe2 Qxe2+ 36. Rxe2 Rc1 37. Nf2 Nxf2 38. Kxf2 f5 39. Kf3 h5 40. Rh2 Kg7 41. Rxh5 Rc2 42. b4 Rc3 43. Rh1 Rxa3 44. Rc1 Rb3 45. Rc7+ Kf6 46. Rxb7 Rxb4 47. g4 fxg4+ 48. Kxg4 Rb3 49. Kf3 b4 50. Rb6 Rb1 51. e4 Rb3+ 52. Ke2 dxe4 53. d5 Rd3 54. dxe6 b3 55. f5 Rh3 56. Rb8 b2 57. Kf2 Rh1 58. Rf8+ Kg5 59. e7 b1=Q 60. Rg8+ Kf4 61. Rg4+ Kxg4 62. e8=Q Qe1+ 63. Kg2 Qf1# 0-1


[Site "https://www.chess.com"]

[Event "Titled Tuesday Blitz July 27 2021"]
[White "Maevsky, Nikolay"]
[Black "Priasmoro, Novendra"]
[WhiteFideId "4198220"]
[BlackFideId "7105029"]
[WhiteElo "2213"]
[BlackElo "2309"]
[Result "0-1"]
[Round "05"]
[TimeControl "180+1"]
[Date "2021.07.27"]
[WhiteClock "0:00:18"]
[BlackClock "0:01:43"]

1. d4 Nf6 2. Nf3 g6 3. c4 Bg7 4. Nc3 O-O 5. e4 d6 6. Be2 Na6 7. O-O e5 8. d5 Nc5 9. Nd2 a5 10. Qc2 Nh5 11. g3 f5 12. exf5 Bxf5 13. Nde4 Nf6 14. f3 h6 15. Be3 b6 16. Bxc5 bxc5 17. Bd3 Qd7 18. Rf2 Nh7 19. h4 Nf6 20. Nxf6+ Rxf6 21. Ne4 Rf7 22. g4 Bxe4 23. Bxe4 Raf8 24. Kg2 Rf4 25. Bxg6 e4 26. Bxe4 Bd4 27. Rff1 Rxg4+ 28. fxg4 Qxg4+ 29. Kh2 Be5+ 30. Kh1 Qh3+ 31. Kg1 Bd4+ 32. Rf2 Rxf2 33. Qxf2 Qg3+ 34. Bg2 Qxf2+ 35. Kh1 Qxh4+ 36. Bh3 Qxh3# 0-1


[Site "https://www.chess.com"]

[Event "Titled Tuesday Blitz July 27 2021"]
[White "Makhnev, Denis"]
[Black "Wiewiora, Eneasz"]
[WhiteFideId "13707647"]
[BlackFideId "1140396"]
[WhiteElo "2537"]
[BlackElo "2312"]
[Result "1-0"]
[Round "05"]
[TimeControl "180+1"]
[Date "2021.07.27"]
[WhiteClock "0:00:13"]
[BlackClock "0:00:01"]

1. d4 d5 2. c4 e6 3. Nf3 Nf6 4. g3 Be7 5. Bg2 O-O 6. O-O dxc4 7. Qc2 b5 8. a4 b4 9. Nfd2 c6 10. Nxc4 Qxd4 11. Rd1 Qg4 12. Ne5 Qf5 13. Qxf5 exf5 14. Nxc6 Nxc6 15. Bxc6 Rb8 16. Bf4 Rb6 17. Bf3 Be6 18. Nd2 b3 19. a5 Rb4 20. Be5 Rc8 21. Bc3 Rb5 22. a6 Nd5 23. Bd4 Nb6 24. Rdc1 h6 25. e3 Kh7 26. Bb7 Rxc1+ 27. Rxc1 Bb4 28. Nf3 Nc4 29. Bxa7 Nxb2 30. Bd4 Nd3 31. Rb1 Bc5 32. Bxc5 Nxc5 33. a7 Rxb7 34. a8=Q Bd5 35. Qa3 1-0


[Site "https://www.chess.com"]

[Event "Titled Tuesday Blitz July 27 2021"]
[White "Mortazavi, Ali"]
[Black "Paravyan, David"]
[WhiteFideId "401323"]
[BlackFideId "4194985"]
[WhiteElo "2339"]
[BlackElo "2562"]
[Result "0-1"]
[Round "05"]
[TimeControl "180+1"]
[Date "2021.07.27"]
[WhiteClock "0:00:17"]
[BlackClock "0:00:54"]

1. e4 c5 2. Nc3 d6 3. f4 g6 4. Nf3 Bg7 5. Bb5+ Bd7 6. a4 e6 7. f5 exf5 8. exf5 Qe7+ 9. Kf2 Bd4+ 10. Nxd4 Qh4+ 11. g3 Qxd4+ 12. Kg2 Bc6+ 13. Bxc6+ Nxc6 14. Re1+ Nge7 15. d3 O-O-O 16. Bg5 Nxf5 17. Re4 Qg7 18. Bxd8 Rxd8 19. Nd5 Qxb2 20. Rb1 Qg7 21. c3 f6 22. Qe2 Qf7 23. Nf4 d5 24. Re6 Ne5 25. d4 cxd4 26. Rxe5 fxe5 27. Qxe5 Re8 28. Qxd5 Ne3+ 0-1


[Site "https://www.chess.com"]

[Event "Titled Tuesday Blitz July 27 2021"]
[White "Oparin, Grigoriy"]
[Black "Ismagilov, Damir"]
[WhiteFideId "24125890"]
[BlackFideId "34199982"]
[WhiteElo "2628"]
[BlackElo "2075"]
[Result "1-0"]
[Round "05"]
[TimeControl "180+1"]
[Date "2021.07.27"]
[WhiteClock "0:02:11"]
[BlackClock "0:01:01"]

1. b3 Nf6 2. Bb2 e6 3. Nf3 b6 4. c4 Bb7 5. g3 c5 6. Bg2 Be7 7. O-O O-O 8. d4 cxd4 9. Qxd4 d6 10. Rd1 Nbd7 11. Nc3 a6 12. e4 Qc7 13. Qe3 Rac8 14. Rac1 Rfe8 15. Qe1 Qb8 16. Nd4 Qa8 17. Rc2 Nc5 18. Re2 Bf8 19. h3 d5 20. exd5 exd5 21. cxd5 Rxe2 22. Ndxe2 Re8 23. Qf1 Bd6 24. Nd4 Nxd5 25. Nxd5 Bxd5 26. Bxd5 Qxd5 27. Nb5 Qf3 28. Nxd6 Re2 29. Nf5 h5 30. Nd4 1-0


[Site "https://www.chess.com"]

[Event "Titled Tuesday Blitz July 27 2021"]
[White "Quparadze, Giga"]
[Black "Onyshchuk, Volodymyr"]
[WhiteFideId "13602250"]
[BlackFideId "14114038"]
[WhiteElo "2658"]
[BlackElo "2603"]
[Result "1-0"]
[Round "05"]
[TimeControl "180+1"]
[Date "2021.07.27"]
[WhiteClock "0:00:06"]
[BlackClock "0:00:01"]

1. e4 d6 2. d4 Nf6 3. Nc3 g6 4. f4 Bg7 5. Nf3 O-O 6. Bd3 Na6 7. O-O c5 8. d5 Bg4 9. h3 Bxf3 10. Qxf3 Nb4 11. a3 Nxd3 12. Qxd3 Qb6 13. Qc4 Qa6 14. Qxa6 bxa6 15. Re1 Rab8 16. Nd1 Nd7 17. c3 c4 18. Ne3 Rfc8 19. Nc2 a5 20. a4 Nc5 21. Ra2 Nd3 22. Rd1 a6 23. Na3 f5 24. exf5 gxf5 25. Nc2 Kf7 26. Ne3 Rc5 27. Nxf5 Rxd5 28. Nxg7 Kxg7 29. Be3 Nxf4 30. Rxd5 Nxd5 31. Bd2 e5 32. Kf2 Kf6 33. Kf3 Ke6 34. g4 Nf6 35. Bg5 Nd7 36. Be3 d5 37. g5 Rb3 38. Kg4 d4 39. Bd2 d3 40. Be3 Rb8 41. h4 Kd5 42. h5 Ke4 43. Bd2 Nc5 44. g6 hxg6 45. h6 Ne6 46. Ra1 Kd5 47. Rh1 Rf8 48. Be3 Rh8 49. Rf1 Rf8 50. Rh1 Ke4 51. Bd2 Nf4 52. Re1+ Kd5 53. Kg5 Ng2 54. Rg1 Nf4 55. h7 Rh8 56. Kh6 Ke4 57. Kg7 Rxh7+ 58. Kxh7 Kf5 59. Kh6 Ne6 60. Rf1+ Nf4 61. Rf2 Kg4 62. Rf1 Kg3 63. Re1 Ne2 64. Kxg6 Kf3 65. Kf5 e4 66. Rf1+ Kg2 67. Ra1 Kf3 68. Rf1+ Kg2 69. Rf4 Ng3+ 70. Ke5 Kg1 71. Rxe4 Kf2 72. Rxc4 Ke2 73. Bf4 Nf1 74. Rd4 Ne3 75. Bxe3 Kxe3 76. Kd5 d2 77. Kc5 1-0


[Site "https://www.chess.com"]

[Event "Titled Tuesday Blitz July 27 2021"]
[White "Sadovsky, Artem"]
[Black "Bortnyk, Olexandr"]
[WhiteFideId "4155840"]
[BlackFideId "14120828"]
[WhiteElo "2442"]
[BlackElo "2723"]
[Result "0-1"]
[Round "05"]
[TimeControl "180+1"]
[Date "2021.07.27"]
[WhiteClock "0:00:01"]
[BlackClock "0:01:40"]

1. Nf3 f5 2. g3 Nf6 3. Bg2 d6 4. O-O g6 5. d3 Bg7 6. e4 fxe4 7. dxe4 Nxe4 8. Re1 Nf6 9. Ng5 c6 10. Ne6 Bxe6 11. Rxe6 O-O 12. c3 Nbd7 13. Re1 Kh8 14. Nd2 d5 15. Nf3 e5 16. Nxe5 Nxe5 17. Rxe5 Ne4 18. Rxe4 dxe4 19. Be3 Qxd1+ 20. Rxd1 Rad8 21. Rxd8 Rxd8 22. Bxe4 Rd1+ 23. Kg2 a6 24. h4 Bf6 25. h5 gxh5 26. Bf5 a5 27. Bc8 Rb1 28. Bxb7 Rxb2 29. Bxc6 Rxa2 30. c4 a4 31. Bc5 a3 32. Ba4 Ra1 33. Kf3 a2 34. Bb3 Rb1 35. Bxa2 Rb2 36. Ke4 Rxa2 37. Kd5 Kg7 0-1


[Site "https://www.chess.com"]

[Event "Titled Tuesday Blitz July 27 2021"]
[White "Salinas Herrera, Pablo"]
[Black "Lazavik, Denis"]
[WhiteFideId "3407128"]
[BlackFideId "13515110"]
[WhiteElo "2541"]
[BlackElo "2436"]
[Result "1/2-1/2"]
[Round "05"]
[TimeControl "180+1"]
[Date "2021.07.27"]
[WhiteClock "0:00:09"]
[BlackClock "0:00:04"]

1. d4 Nf6 2. Nf3 d5 3. Bf4 e6 4. e3 Bd6 5. Nbd2 O-O 6. Bd3 Bxf4 7. exf4 b6 8. Qe2 c5 9. c3 a5 10. O-O Ba6 11. Bxa6 Nxa6 12. Rfe1 Qc7 13. g3 Nb8 14. Nf1 Nc6 15. Rad1 Rab8 16. Ne3 Rfe8 17. Kg2 b5 18. dxc5 Qa7 19. Nc2 Qxc5 20. Ncd4 b4 21. cxb4 Rxb4 22. Nxc6 Qxc6 23. Ne5 Qb7 24. Nd3 Re4 25. Qd2 Rxe1 26. Rxe1 a4 27. Rc1 Rb8 28. Kg1 h5 29. Rc2 h4 30. Qc1 d4 31. Ne5 h3 32. Qf1 Qe4 33. Re2 Qf5 34. Rd2 Nd5 35. Qd3 Rc8 36. Rd1 Qxd3 37. Nxd3 Rc2 38. Kf1 f6 39. Ke1 a3 40. bxa3 Rxa2 41. Nb4 Rxa3 42. Nxd5 exd5 43. Rxd4 Ra5 44. Ke2 Kf7 45. f5 Ke7 46. Rg4 Kf7 47. Rh4 Ra2+ 48. Ke3 Ra3+ 49. Kd4 Ra2 50. Rf4 Ra5 51. Ke3 Ke7 52. Rg4 Kd6 53. Rxg7 Ke5 54. g4 Ra3+ 55. Ke2 d4 56. Rd7 Ra2+ 57. Kf3 Ra3+ 58. Ke2 Ke4 59. f3+ Ke5 60. Kf2 d3 61. Ke3 d2+ 62. Ke2 Kf4 63. Rd4+ Kg5 64. Rxd2 Kf4 65. Rd4+ Kg5 66. Kf2 Kh4 67. g5+ Kxg5 68. Kg3 Kxf5 69. Rf4+ Kg5 70. Rh4 Rxf3+ 71. Kxf3 Kxh4 72. Kf4 Kh5 73. Kf5 Kh4 74. Kf4 Kh5 75. Kf5 Kh4 76. Kf4 1/2-1/2


[Site "https://www.chess.com"]

[Event "Titled Tuesday Blitz July 27 2021"]
[White "Shkapenko, Pavel"]
[Black "Vokhidov, Shamsiddin"]
[WhiteFideId "4151933"]
[BlackFideId "14204223"]
[WhiteElo "2386"]
[BlackElo "2572"]
[Result "1-0"]
[Round "05"]
[TimeControl "180+1"]
[Date "2021.07.27"]
[WhiteClock "0:00:20"]
[BlackClock "0:00:20"]

1. e4 d5 2. exd5 Nf6 3. Bb5+ Nbd7 4. d4 a6 5. Be2 Nxd5 6. c4 N5f6 7. Nc3 g6 8. Nf3 Bg7 9. h3 O-O 10. Bf4 c5 11. d5 b5 12. cxb5 Nb6 13. Be5 axb5 14. Bxb5 Nbxd5 15. Nxd5 Nxd5 16. Bxg7 Kxg7 17. Bc6 Qa5+ 18. Qd2 Nb4 19. Bxa8 Nd3+ 20. Kf1 Qxa8 21. Kg1 Rd8 22. Qc3+ Kg8 23. Rd1 Bf5 24. Ne1 Nf4 25. Rxd8+ Qxd8 26. Qe3 Qd6 27. g3 Nd5 28. Qf3 Qe5 29. Ng2 Nb4 30. b3 Be4 31. Qe2 Qf5 32. Kh2 Nd3 33. Nh4 Qf6 34. Qxe4 Nxf2 35. Qa8+ Kg7 36. Re1 g5 37. Qf3 gxh4 38. Qxf6+ exf6 39. a4 Nd3 40. Rd1 hxg3+ 41. Kxg3 Nb4 42. Rd8 f5 43. Rc8 1-0


[Site "https://www.chess.com"]

[Event "Titled Tuesday Blitz July 27 2021"]
[White "Siva Mahadevan"]
[Black "Indjic, Aleksandar"]
[WhiteFideId "25043153"]
[BlackFideId "911925"]
[WhiteElo "2203"]
[BlackElo "2643"]
[Result "0-1"]
[Round "05"]
[TimeControl "180+1"]
[Date "2021.07.27"]
[WhiteClock "0:00:08"]
[BlackClock "0:00:08"]

1. e4 c5 2. Nf3 e6 3. d4 cxd4 4. Nxd4 a6 5. Nc3 b5 6. Bd3 Bb7 7. O-O Nc6 8. Nxc6 Bxc6 9. Re1 Bc5 10. a4 b4 11. Nd5 Ne7 12. Be3 Bxe3 13. Nxe3 O-O 14. Qg4 d5 15. exd5 Nxd5 16. Rad1 Qf6 17. Nxd5 Bxd5 18. b3 a5 19. Re3 g6 20. h4 h5 21. Qg3 Rac8 22. Rde1 Rc3 23. Re5 Rd8 24. R1e3 Bxb3 25. cxb3 Rdxd3 26. Rxa5 Rc1+ 27. Kh2 Rdd1 28. Qb8+ Kh7 29. Kg3 Rf1 30. Rf3 Rc3 31. Ra8 Rxf3+ 32. gxf3 Rg1+ 33. Kh2 Rb1 34. Qg8+ Kh6 35. Qf8+ Qg7 36. Qxb4 Qe5+ 37. Kg2 Qg7 38. Qf4+ Kh7 39. Qb8 g5 40. hxg5 h4 41. Qg3 hxg3 0-1


[Site "https://www.chess.com"]

[Event "Titled Tuesday Blitz July 27 2021"]
[White "Stribuk, Artiom"]
[Black "Sanal, Vahap"]
[WhiteFideId "13515659"]
[BlackFideId "6300545"]
[WhiteElo "2224"]
[BlackElo "2495"]
[Result "0-1"]
[Round "05"]
[TimeControl "180+1"]
[Date "2021.07.27"]
[WhiteClock "0:00:01"]
[BlackClock "0:00:36"]

1. d4 Nf6 2. c4 g6 3. g3 Bg7 4. Bg2 O-O 5. Nf3 d6 6. O-O Nc6 7. Nc3 a6 8. Qd3 Rb8 9. d5 Na7 10. Nd4 e5 11. dxe6 fxe6 12. e4 Ng4 13. a4 Ne5 14. Qe2 Nac6 15. Nc2 Nd7 16. Be3 Nc5 17. Rad1 Qe7 18. h4 Bxc3 19. bxc3 Nxa4 20. Qd2 Nb2 21. Bg5 Qf7 22. Bh6 Nxd1 23. Rxd1 Re8 24. Ne3 a5 25. h5 gxh5 26. Qe2 Qg6 27. Bf4 e5 28. Nd5 exf4 29. Nxf4 Qg5 30. Rb1 Ne5 31. Nd5 c6 32. Ne3 Bg4 33. f3 Bxf3 34. Bxf3 Nxf3+ 35. Qxf3 Re6 36. Nf5 Qg4 37. Qf2 Qxe4 38. Rf1 Qxc4 39. Ne3 Rxe3 40. Qxe3 Qc5 41. Qxc5 dxc5 42. Rf5 a4 43. Rg5+ Kh8 44. Rxc5 Ra8 45. Re5 a3 46. Re1 a2 47. Ra1 b5 48. Kf2 Kg7 49. Ke3 c5 50. Ke4 b4 51. cxb4 cxb4 52. Kd3 b3 53. Kc3 Rb8 54. Kb2 Kg6 55. Rh1 Kg5 56. Rg1 Kg4 57. Rh1 Ra8 58. Ra1 Kxg3 59. Kxb3 Kg2 60. Kb2 h4 61. Kb3 h6 0-1


[Site "https://www.chess.com"]

[Event "Titled Tuesday Blitz July 27 2021"]
[White "Tang, Andrew"]
[Black "Muradli, Mahammad"]
[WhiteFideId "2059630"]
[BlackFideId "13409301"]
[WhiteElo "2599"]
[BlackElo "2482"]
[Result "1-0"]
[Round "05"]
[TimeControl "180+1"]
[Date "2021.07.27"]
[WhiteClock "0:00:08"]
[BlackClock "0:00:07"]

1. d4 d5 2. Bf4 g6 3. e3 Bg7 4. Nc3 c6 5. h4 h5 6. Nf3 Bg4 7. Be2 Nd7 8. e4 dxe4 9. Nxe4 Ngf6 10. Neg5 Nd5 11. Bg3 O-O 12. O-O Bxf3 13. Nxf3 Re8 14. c4 N5f6 15. Qc2 Qa5 16. b4 Qxb4 17. Rab1 Qa5 18. Rxb7 Nb6 19. Ne5 Rad8 20. Nxc6 Qa6 21. Rxa7 Qc8 22. Nxe7+ Rxe7 23. Rxe7 Rxd4 24. c5 Nbd5 25. Ra7 Ne4 26. Ba6 Qg4 27. Qe2 Qf5 28. c6 Rd2 29. Qf3 Nxg3 30. Qxg3 Be5 31. Qf3 Nf4 32. c7 Rc2 33. c8=Q+ Rxc8 34. Bxc8 Qf6 35. Rd1 1-0


[Site "https://www.chess.com"]

[Event "Titled Tuesday Blitz July 27 2021"]
[White "Terry, Renato"]
[Black "Hasangatin, Ramil"]
[WhiteFideId "3803457"]
[BlackFideId "4122160"]
[WhiteElo "2581"]
[BlackElo "2375"]
[Result "1-0"]
[Round "05"]
[TimeControl "180+1"]
[Date "2021.07.27"]
[WhiteClock "0:00:08"]
[BlackClock "0:00:09"]

1. e4 d5 2. exd5 Qxd5 3. Nc3 Qd6 4. Nb5 Qd8 5. Bc4 c6 6. Nc3 Nf6 7. Nf3 Qd6 8. h3 Bf5 9. d3 e6 10. Nh4 Bg6 11. O-O Nbd7 12. Qe2 Be7 13. Re1 O-O 14. Nxg6 hxg6 15. a4 a5 16. Bg5 Rfe8 17. Rad1 Rad8 18. d4 Nb6 19. Bb3 Nbd5 20. Nxd5 Nxd5 21. Bc1 Qc7 22. c3 Bd6 23. g3 Be7 24. h4 Bf6 25. Qf3 Rd7 26. Kg2 Red8 27. Rh1 c5 28. h5 gxh5 29. Rxh5 cxd4 30. cxd4 Qc6 31. Rdh1 Kf8 32. Bg5 Ke7 33. Rc1 Qb6 34. Bxd5 Rxd5 35. Bxf6+ gxf6 36. Qa3+ Qd6 37. Rc7+ Rd7 38. Rxd5 exd5 39. Qxd6+ Kxd6 40. Rxd7+ Kxd7 41. Kf3 b5 42. b3 bxa4 43. bxa4 f5 44. Kf4 Ke6 45. Kg5 f4 46. Kxf4 Kf6 47. g4 Kg6 48. g5 f6 49. gxf6 Kxf6 50. Kg4 Kg6 51. f4 Kf6 52. f5 Kf7 53. Kg5 Kg7 54. f6+ Kf7 55. Kf5 1-0


[Site "https://www.chess.com"]

[Event "Titled Tuesday Blitz July 27 2021"]
[White "Tristan, Leonardo"]
[Black "Nesterov, Arseniy"]
[WhiteFideId "113816"]
[BlackFideId "24198455"]
[WhiteElo "2404"]
[BlackElo "2477"]
[Result "1-0"]
[Round "05"]
[TimeControl "180+1"]
[Date "2021.07.27"]
[WhiteClock "0:00:17"]
[BlackClock "0:00:02"]

1. d4 d5 2. Bf4 Nf6 3. e3 Bf5 4. c4 e6 5. Nc3 Bb4 6. Nf3 O-O 7. Be2 c5 8. O-O Nc6 9. dxc5 Bxc3 10. bxc3 Ne4 11. Qc1 dxc4 12. Nd4 Qd5 13. f3 Nxc5 14. e4 Nxd4 15. cxd4 Nxe4 16. Bxc4 Qxd4+ 17. Be3 Qe5 18. fxe4 Bxe4 19. Qe1 Rac8 20. Bb3 b6 21. Qf2 Bb7 22. Rae1 Qh5 23. Qg3 Qg6 24. Qh3 Rc3 25. Rf4 h5 26. Rh4 1-0


[Site "https://www.chess.com"]

[Event "Titled Tuesday Blitz July 27 2021"]
[White "Ulko, Jaroslav"]
[Black "Nakamura, Hikaru"]
[WhiteFideId "4116658"]
[BlackFideId "2016192"]
[WhiteElo "2304"]
[BlackElo "2900"]
[Result "0-1"]
[Round "05"]
[TimeControl "180+1"]
[Date "2021.07.27"]
[WhiteClock "0:00:02"]
[BlackClock "0:00:44"]

1. d4 g6 2. c3 Bg7 3. Nf3 d6 4. e4 Nd7 5. Be2 e5 6. O-O Ngf6 7. Qc2 O-O 8. Bg5 h6 9. Bh4 Re8 10. Nbd2 Qe7 11. Rfe1 b6 12. Bb5 Bb7 13. dxe5 dxe5 14. a4 a6 15. Bf1 Qf8 16. Nc4 Nc5 17. Nfd2 a5 18. f3 Nh5 19. Ne3 Nf4 20. Bb5 Rec8 21. Rad1 h5 22. Bf1 Bc6 23. b3 Bh6 24. Ndc4 f6 25. Nd5 Nd7 26. Nce3 Kh7 27. Bc4 Bg7 28. Nxf4 exf4 29. Nd5 Ne5 30. Bf1 g5 31. Bf2 Be8 32. Bd4 Bg6 33. h4 Nc6 34. hxg5 fxg5 35. Bxg7 Qxg7 36. Qf2 Ne5 37. Rd4 Rab8 38. Red1 c6 39. Nxf4 gxf4 40. Rd6 Qe7 41. Kh1 Rd8 42. R6d4 c5 43. Rd5 Bf7 44. R5d2 Rxd2 45. Qxd2 Bxb3 46. Rb1 Bxa4 47. Qxf4 Be8 48. Rd1 Bf7 49. Qg3 Rg8 50. Qh2 a4 51. Be2 a3 52. f4 Ng4 53. Qg3 a2 54. c4 h4 0-1


[Site "https://www.chess.com"]

[Event "Titled Tuesday Blitz July 27 2021"]
[White "Vlassov, Nikolai"]
[Black "Manafov, Vugar"]
[WhiteFideId "4103360"]
[BlackFideId "13410814"]
[WhiteElo "2407"]
[BlackElo "2274"]
[Result "0-1"]
[Round "05"]
[TimeControl "180+1"]
[Date "2021.07.27"]
[WhiteClock "0:00:01"]
[BlackClock "0:00:10"]

1. e4 Nf6 2. Nc3 d5 3. e5 Nfd7 4. e6 fxe6 5. d4 c5 6. dxc5 Nc6 7. Bb5 a6 8. Bxc6 bxc6 9. f4 e5 10. fxe5 Nxe5 11. Nf3 Bg4 12. O-O Bxf3 13. gxf3 g5 14. Bxg5 Rg8 15. f4 Nf7 16. Kh1 Qd7 17. Qf3 O-O-O 18. Bh4 Nh6 19. f5 Rg4 20. Bg3 Bg7 21. Rae1 Rf8 22. Qe2 Rc4 23. Qxe7 Nxf5 24. Qxd7+ Kxd7 25. Be5 Bxe5 26. Rxe5 Ng3+ 27. hxg3 Rxf1+ 28. Kg2 Rc1 29. Rh5 Rxc2+ 30. Kf3 Rxb2 31. Rxh7+ Ke8 32. Ne2 Rxa2 33. Nf4 Ra3+ 34. Kg4 Re4 35. Rc7 d4 36. Rxc6 Re7 37. Nd5 Rg7+ 38. Kf5 d3 39. Nf6+ Kd8 40. g4 d2 41. Rd6+ Kc8 42. Rxd2 Rf3+ 43. Ke6 Rg6 44. g5 Rxg5 45. Rd6 Rxc5 46. Rxa6 Rg5 47. Rc6+ Kb7 48. Rd6 Rgf5 49. Ke7 Re5+ 50. Kd7 Rff5 51. Kd8 Ra5 52. Nd7 Ra8+ 53. Ke7 Rh5 54. Ke6 Rh6+ 55. Nf6 Re8+ 56. Kf5 Re1 57. Rd7+ Kc6 58. Rf7 Rf1+ 59. Kg5 Rhh1 60. Rf8 Rhg1+ 61. Kh6 Rf2 62. Rc8+ Kb7 63. Rf8 Rg3 64. Rf7+ Ka6 65. Rf8 Kb5 66. Rb8+ Kc4 67. Rf8 Kd3 68. Rd8+ Ke2 69. Rf8 Kf1 70. Ne4 Rh3+ 71. Kg7 Rxf8 72. Kxf8 Ke2 73. Nf6 Ke3 74. Ke7 Kf4 75. Ke6 Rh6 76. Kf7 Kf5 77. Nd5 Rh7+ 78. Ke8 Ra7 79. Kd8 Ke6 80. Nf4+ Ke5 81. Ng6+ Kd6 82. Ke8 Rg7 83. Nf4 Rg5 84. Nd3 Rd5 0-1


[Site "https://www.chess.com"]

[Event "Titled Tuesday Blitz July 27 2021"]
[White "Yilmaz, Mustafa"]
[Black "Begmuratov, Khumoyun"]
[WhiteFideId "6302718"]
[BlackFideId "14210207"]
[WhiteElo "2518"]
[BlackElo "1932"]
[Result "1-0"]
[Round "05"]
[TimeControl "180+1"]
[Date "2021.07.27"]
[WhiteClock "0:00:13"]
[BlackClock "0:00:02"]

1. d4 Nf6 2. c4 c5 3. d5 b5 4. Qc2 b4 5. e4 d6 6. Nf3 Nbd7 7. a3 a5 8. Bd3 g6 9. O-O Bg7 10. h3 O-O 11. Re1 a4 12. Bg5 h6 13. Be3 Nb6 14. e5 dxe5 15. Nxe5 b3 16. Qc1 Nfxd5 17. Nc6 Qd6 18. cxd5 Nxd5 19. Bxh6 Qxc6 20. Bxg7 Kxg7 21. Be4 Bb7 22. Nd2 Rad8 23. Nc4 Qf6 24. Bf3 Ba6 25. Ne5 c4 26. Nxc4 Rc8 27. Bxd5 e6 28. Qd2 Bxc4 29. Bb7 Rc7 30. Rac1 Rxb7 31. Rxc4 Rd8 32. Qc1 Rbd7 33. Rf4 Qe7 34. Qc3+ Kg8 35. Rxa4 Rd3 36. Qe5 Rd2 37. Rb4 R2d3 38. h4 Qa7 39. h5 Rd2 40. Rf4 R2d5 41. Qf6 gxh5 42. Re3 Kf8 43. Rxe6 Rd1+ 44. Kh2 Qc5 45. Qh8# 1-0


[Site "https://www.chess.com"]

[Event "Titled Tuesday Blitz July 27 2021"]
[White "Zhigalko, Sergei"]
[Black "Wong, Yinn Long"]
[WhiteFideId "13502956"]
[BlackFideId "5707684"]
[WhiteElo "2662"]
[BlackElo "2016"]
[Result "1-0"]
[Round "05"]
[TimeControl "180+1"]
[Date "2021.07.27"]
[WhiteClock "0:00:16"]
[BlackClock "0:00:17"]

1. e4 c6 2. d4 d5 3. e5 Bf5 4. Nf3 e6 5. Be2 c5 6. Be3 Qb6 7. Nc3 Nc6 8. dxc5 Bxc5 9. Bxc5 Qxc5 10. Nb5 O-O-O 11. Nd6+ Rxd6 12. exd6 Qxd6 13. O-O Nf6 14. Nd4 Be4 15. Qd2 Rd8 16. Rfd1 Kb8 17. h3 h6 18. Rac1 g5 19. Nxc6+ Qxc6 20. Qd4 Ne8 21. c4 Rc8 22. Rc3 Nd6 23. cxd5 Qxd5 24. Qb4 a5 25. Qb6 Rxc3 26. Rxd5 Nc8 27. Qxa5 Rc1+ 28. Rd1 Rc7 29. Bf3 Bf5 30. Qe5 Nb6 31. Rd8+ Nc8 32. Rd7 1-0


[Site "https://www.chess.com"]

[Event "Titled Tuesday Blitz July 27 2021"]
[White "Zubov, Alexander"]
[Black "Kretov, Evgenij"]
[WhiteFideId "14109409"]
[BlackFideId "4167821"]
[WhiteElo "2740"]
[BlackElo "2400"]
[Result "1-0"]
[Round "05"]
[TimeControl "180+1"]
[Date "2021.07.27"]
[WhiteClock "0:01:32"]
[BlackClock "0:01:17"]

1. d4 Nf6 2. Nf3 e6 3. c4 b6 4. a3 Bb7 5. Nc3 d5 6. Bg5 Be7 7. e3 O-O 8. Rc1 Nbd7 9. cxd5 Nxd5 10. Nxd5 Bxg5 11. Nxc7 Rc8 12. Nb5 Bxf3 13. gxf3 Nf6 14. Rxc8 Qxc8 15. Nc3 Rd8 16. f4 Bh4 17. Bg2 Qa6 18. Qe2 Qxe2+ 19. Kxe2 Rc8 20. Bf3 Kf8 21. Ra1 Nd7 22. Bb7 Rc7 23. Ba6 Nb8 24. Bd3 g6 25. Nb5 Rd7 26. Rc1 Na6 27. Rc8+ Ke7 28. b4 Rd8 29. Nxa7 Nb8 30. Rxb8 1-0


[Site "https://www.chess.com"]